 Dungeon Crawl Stone Soup version 0.30-a0-996-ga6910c8ee8 (webtiles) character file.

Game seed: 10716845908954277871

2938 a3don the Covert (level 9, -1/46 HPs)
             Began as a Vine Stalker Brigand on Apr 4, 2023.
             Was a Believer of Vehumet.
             Slain by an orc warrior
             ... wielding a +0 long sword
              (7 damage)
             ... on level 6 of the Dungeon.
             The game lasted 00:10:06 (4746 turns).

a3don the Covert (Vine Stalker Brigand)             Turns: 4746, Time: 00:10:07

Health: -1/46      AC:  7    Str: 13    XL:     9   Next: 80%
Magic:  0/25       EV: 13    Int: 13    God:    Vehumet [**....]
Gold:   270        SH:  0    Dex: 19    Spells: 11/16 levels left

rFire   . . .      SeeInvis .    r - +6 spear of the Mind {freeze, rElec rN+ MP+9}
rCold   . . .      Faith    .    (no shield)
rNeg    + . .      Spirit   +    F - +3 leather armour
rPois   .          Reflect  .    K - +0 hat
rElec   +          Rampage  .    c - +0 cloak
rCorr   +                        (no gloves)
Will    +....                    (no boots)
Stlth   ++++                     (no amulet)
HPRegen 1.07/turn                y - ring of resist corrosion
MPRegen 0.19/turn                (no ring)

@: no status effects
A: fangs 3, regeneration 1, magic shield, antimagic bite, no potion heal 2
a: Renounce Religion


You were on level 6 of the Dungeon.
You worshipped Vehumet.
Vehumet was pleased with you.
You visited 1 branch of the dungeon, and saw 6 of its levels.

You collected 270 gold pieces.

Inventory:

Hand Weapons
 a - a +2 dagger
 f - a +1 dagger of venom
 r - the +6 spear of the Mind (weapon) {freeze, rElec rN+ MP+9}
   (You found it on level 3 of the Dungeon)

   rElec:     It insulates you from electricity.
   rN:        It protects you from negative energy.
   MP:        It affects your magic capacity (+9).
 x - a +0 dagger of draining
 D - a +0 shortbow
Missiles
 d - 16 poisoned darts
 e - 5 curare-tipped darts
 q - 33 stones (quivered)
Armour
 b - a +0 robe
 c - a +0 cloak (worn)
 z - an orb of energy
 A - +0 fire dragon scales
 F - a +3 leather armour (worn)
 K - a +0 hat (worn)
Jewellery
 y - a ring of resist corrosion (left hand)
Wands
 u - a wand of flame (43)
Scrolls
 g - 5 scrolls of identify {unknown}
 k - a scroll of fear {unknown}
 l - a scroll of immolation {unknown}
 m - a scroll of enchant armour {unknown}
 o - a scroll of amnesia {unknown}
 s - 5 scrolls of teleportation {unknown}
 C - a scroll of magic mapping {unknown}
 E - a scroll of fog {unknown}
 I - a scroll of poison {unknown}
 J - a scroll of enchant weapon {unknown}
Potions
 h - a potion of cancellation {unknown}
 i - 6 potions of curing
 j - 4 potions of might {unknown}
 n - 3 potions of heal wounds {unknown}
 p - 3 potions of brilliance {unknown}
 t - a potion of mutation {unknown}
 v - a potion of invisibility {unknown}
 w - a potion of haste {unknown}
 B - a potion of lignification {unknown}
 G - a potion of berserk rage {unknown}
 H - 2 potions of flight {unknown}


   Skills:
 + Level 4.6 Fighting
 + Level 4.5 Short Blades
 - Level 3.0 Polearms
 - Level 1.7 Throwing
 + Level 2.3 Armour
 + Level 3.9 Dodging
 + Level 8.0 Stealth
 + Level 4.2 Spellcasting
 + Level 4.3 Hexes
 + Level 4.2 Ice Magic


You had 11 spell levels left.
You knew the following spells:

 Your Spells              Type           Power      Damage    Failure   Level
a - Ensorcelled Hibernat  Hex/Ice        26%        N/A       7%          2
b - Frozen Ramparts       Ice            26%        1d4       14%         3

Your spell library contained the following spells:

 Spells                   Type           Power      Damage    Failure   Level
 Hailstorm                Conj/Ice       8%         3d4       32%         3
 Cigotuvi's Dreadful Rot  Necr/Pois/Air  4%         N/A       36%         2
 Passwall                 Tmut/Erth      1%         N/A       36%         2
 Ignite Poison            Fire/Tmut/Pois 2%         N/A       61%         3
 Spider Form              Tmut/Pois      2%         N/A       61%         3
 Swiftness                Air            2%         N/A       61%         3
 Anguish                  Hex/Necr       4%         N/A       71%         4
 Ice Form                 Ice/Tmut       8%         N/A       71%         4
 Summon Ice Beast         Ice/Summ       8%         N/A       71%         4
 Dispel Undead            Necr           2%         3d7       95%         4
 Petrify                  Tmut/Erth      2%         N/A       95%         4
 Iskenderun's Battlesphe  Conj           2%         2d6       100%        5
 Death Channel            Necr           1%         N/A       100%        6
 Dragon Form              Tmut           1%         N/A       100%        7


Dungeon Overview and Level Annotations

Branches:
Dungeon (6/15)             Temple (0/1) D:4

Altars:
Elyvilon
Makhleb
Ru
Vehumet


Innate Abilities, Weirdness & Mutations

You have razor-sharp teeth.
Your natural rate of healing is unusually fast.
When hurt, damage is shared between your health and your magic reserves.
Your bite disrupts and absorbs the magic of your enemies.
Potions cannot restore your health.


Message History

You miss Prince Ribbit.
Prince Ribbit is heavily wounded.
Prince Ribbit catches a moth with his tongue.
Prince Ribbit barely misses you.
You puncture Prince Ribbit! You freeze Prince Ribbit.
Your bite misses Prince Ribbit.
Prince Ribbit is almost dead.
Prince Ribbit falters for a moment.
You barely miss Prince Ribbit.
Prince Ribbit is almost dead.
Prince Ribbit hits you! Prince Ribbit hits you.
You barely miss Prince Ribbit.
Prince Ribbit is almost dead.
Prince Ribbit hits you.
You closely miss Prince Ribbit.
Prince Ribbit is almost dead.
Prince Ribbit barely misses you.
You barely miss Prince Ribbit. Your bite misses Prince Ribbit.
Prince Ribbit is almost dead.
Prince Ribbit falters for a moment. x2
You puncture Prince Ribbit! You freeze Prince Ribbit.
You kill Prince Ribbit!
Vehumet accepts your kill.
Your Stealth skill increases to level 8!
You barely miss the orc warrior. Your bite misses the orc warrior.
The orc warrior hits you with a +0 long sword!
* * * LOW HITPOINT WARNING * * *
You hit the orc warrior but do no damage.
You bite the orc warrior, but do no damage.
The orc warrior hits you with a +0 long sword.
* * * LOW HITPOINT WARNING * * *
You puncture the orc warrior! You freeze the orc warrior.
Your bite misses the orc warrior.
The orc warrior is heavily wounded.
The orc warrior hits you with a +0 long sword!
* * * LOW HITPOINT WARNING * * *
You hit the orc warrior but do no damage.
The orc warrior is heavily wounded.
The orc warrior hits you with a +0 long sword!
You die...

.........# # #.#......# #
####### #.#......# ##
....... #........# #.
....... #.#......#######
....... #.#......##.....
....... #.###.#.........
......)###.# #.#####.#.#.
......oo@..# #.#####.#.#.
......o#######.......#.#.
....... ##...####.#.#.
....... #.#....####.....
........ #.#....#....###.
..#.###.##.#....#.#### #.
. #. #..........#.# #. .
+......#...#.# ..
#.......<..#.####.#.


You could see an orc warrior and 2 orcs.

Vanquished Creatures
  A slime creature (D:5)
  Prince Ribbit (D:6)
  Grinder (D:3)
  Sigmund (D:6)
  A water moccasin (D:6)
  An orc warrior (D:6)
  2 black bears (D:6)
  An ice beast (D:6)
  2 sky beasts (D:6)
  3 ogres
  A centaur (D:5)
  2 kobold brigands (D:5)
  Blork the orc (D:4)
  2 bullfrogs (D:6)
  3 scorpions
  A howler monkey (D:6)
  2 hounds
  2 jellies (D:5)
  2 orc priests (D:6)
  Jessica (D:3)
  An orc wizard (D:5)
  Natasha (thrice) (D:3)
  The ghost of Zeldest the Caller, a weakling VSSu (D:3)
  10 adders
  A white imp (D:6)
  2 ufetubi
  3 worms
  A dart slug (D:3)
  18 orcs
  5 bats
  15 endoplasms
  3 giant cockroaches (D:4)
  3 goblins (D:1)
  8 hobgoblins
  4 jackals (D:2)
  9 kobolds
  2 quokkas
  4 ball pythons
  6 frilled lizards
  8 rats
138 creatures vanquished.

Vanquished Creatures (others)
  4 fungi (D:5)
  12 toadstools (D:5)
16 creatures vanquished.

Grand Total: 154 creatures vanquished

Notes
Turn   | Place    | Note
-------+----------+-------------------------------------------
     0 | D:1      | a3don the Vine Stalker Brigand began the quest for the Orb.
     0 | D:1      | Reached XP level 1. HP: 11/11 MP: 2/2
    60 | D:1      | Reached skill level 1 in Dodging
    70 | D:1      | Reached skill level 5 in Stealth
    70 | D:1      | Reached XP level 2. HP: 11/15 MP: 1/3
   542 | D:1      | Reached XP level 3. HP: 17/18 MP: 4/4
   635 | D:1      | Learned a level 2 spell: Ensorcelled Hibernation
  1004 | D:2      | Got the Papyrus of the Limned Body
  1268 | D:2      | Gained mutation: Your natural rate of healing is unusually
                  | fast. [Vine Stalker growth]
  1268 | D:2      | Reached XP level 4. HP: 19/23 MP: 3/5
  1664 | D:3      | Identified the +6 spear of the Mind {freeze, rElec rN+
                  | MP+9}
  1742 | D:3      | Noticed Jessica
  1744 | D:3      | Killed Jessica
  1745 | D:3      | Reached skill level 1 in Spellcasting
  1745 | D:3      | Reached skill level 1 in Hexes
  1818 | D:3      | Noticed Natasha
  1826 | D:3      | Killed Natasha
  1827 | D:3      | Reached skill level 1 in Ice Magic
  1827 | D:3      | Reached XP level 5. HP: 27/27 MP: 7/7
  1839 | D:3      | Found a runed translucent gate.
  1840 | D:3      | Found a runed translucent gate.
  1840 | D:3      | Found a runed translucent gate.
  1841 | D:3      | Noticed Zeldest's ghost (weakling VSSu)
  1846 | D:3      | Found a burning altar of Makhleb.
  1847 | D:3      | Found a white marble altar of Elyvilon.
  1914 | D:3      | Found a faded altar of an unknown god.
  1971 | D:3      | Prayed at the altar of an unknown god.
  1971 | D:3      | Became a worshipper of Vehumet
  1971 | D:3      | Reached * piety under Vehumet
  1971 | D:3      | Offered knowledge of Shock by Vehumet.
  1976 | D:3      | Learned a level 3 spell: Frozen Ramparts
  2038 | D:3      | Noticed Grinder
  2045 | D:3      | Paralysed by Grinder for 4 turns
  2057 | D:3      | Paralysed by Grinder for 3 turns
  2061 | D:3      | Paralysed by Grinder for 3 turns
  2076 | D:3      | Killed Grinder
  2077 | D:3      | Reached skill level 1 in Polearms
  2077 | D:3      | Reached XP level 6. HP: 32/32 MP: 9/9
  2297 | D:3      | Noticed Natasha
  2300 | D:3      | Killed Natasha
  2313 | D:3      | Killed Zeldest's ghost
  2356 | D:3      | Noticed Natasha
  2365 | D:3      | Killed Natasha
  2457 | D:4      | Reached skill level 6 in Stealth
  2457 | D:4      | Reached XP level 7. HP: 16/36 MP: 6/11
  2770 | D:4      | Found a staircase to the Ecumenical Temple.
  2819 | D:4      | Noticed Blork the orc
  2832 | D:4      | Killed Blork the orc
  3130 | D:5      | Entered Level 5 of the Dungeon
  3351 | D:5      | Gained mutation: You have razor-sharp teeth. [Vine Stalker
                  | growth]
  3351 | D:5      | Reached XP level 8. HP: 37/40 MP: 13/13
  3551 | D:5      | Reached ** piety under Vehumet
  3560 | D:5      | Offered knowledge of Static Discharge by Vehumet.
  3696 | D:5      | Noticed a slime creature
  3696 | D:5      | Noticed a slime creature
  3852 | D:5      | Killed a large slime creature
  3853 | D:5      | Reached skill level 1 in Armour
  3853 | D:5      | Reached skill level 7 in Stealth
  4061 | D:6      | Reached XP level 9. HP: 45/45 MP: 15/15
  4112 | D:6      | Found a sacrificial altar of Ru.
  4382 | D:6      | Noticed Sigmund
  4392 | D:6      | Killed Sigmund
  4440 | D:6      | Offered knowledge of Hailstorm by Vehumet.
  4728 | D:6      | Noticed Prince Ribbit
  4742 | D:6      | Killed Prince Ribbit
  4743 | D:6      | Reached skill level 8 in Stealth
  4746 | D:6      | Slain by an orc warrior

Illustrated notes

Levels and vault maps discovered:
D:1:      sevenhm_arrival_forest_fort_small_6, layout_loops_ring
D:2:      layout_loops_ring, grunt_ministairs_15, minmay_tromino_v4_a
D:3:      layout_loops_ring, mainiacjoe_overflow_divided_tiny,
          hellmonk_ecumenical_altar_slurped_away, ebering_ghost_rock_garden,
          kennysheep_doodads, serial_park_tiny_2, uniq_natasha, uniq_grinder,
          uniq_jessica
D:4:      layout_rooms, minmay_temple_entry_junction, uniq_blork_the_orc
D:5:      cheibrodos_fertilizer, layout_rooms, patterned_corridor
D:6:      minmay_thick_lines, layout_basic, grunt_temple_overflow_opulence,
          mainiacjoe_overflow_alcove_2, uniq_crazy_yiuf_cottage,
          uniq_prince_ribbit1, uniq_sigmund

Skill      XL: |  1  2  3  4  5  6  7  8  9 |
---------------+----------------------------+-----
Dodging        | 1 2 3 |  3.9
Stealth        | 5 6 7 8 |  8.0
Fighting       | 2 3 4 |  4.6
Short Blades   | 2 3 4 |  4.5
Spellcasting   | 1 2 3 4 |  4.2
Hexes          | 1 2 3 4 |  4.3
Ice Magic      | 1 2 3 4 |  4.2
Polearms       | 1 2 3 |  3.0
Armour         | 1 2 |  2.3
Throwing       | |  1.7

Action                     |  1- 3 |  4- 6 |  7- 9 || total
---------------------------+-------+-------+-------++-------
  Melee: Dagger            |    75 |    16 |       ||    91
         Bite              |    11 |    13 |    76 ||   100
         Spear             |       |    51 |   250 ||   301
         Punch             |       |       |     3 ||     3
  Throw: Dart              |       |     6 |       ||     6
         Stone             |       |       |     1 ||     1
  Evoke: Wand              |       |       |     1 ||     1
    Use: Potion            |       |       |     1 ||     1
   Stab: Sleeping          |    14 |    16 |    13 ||    43
         Distracted        |     1 |       |     2 ||     3
 Armour: Robe              |    15 |     4 |    14 ||    33
         Leather armour    |       |       |    30 ||    30
  Dodge: Dodged            |    54 |    21 |   117 ||   192

Table legend: (Time is in decaauts)
 A = Elapsed time spent in this place.
 B = Non-inter-level travel time spent in this place.
 C = Inter-level travel time spent in this place.
 D = Time resting spent in this place.
 E = Time spent auto-exploring this place.
 F = Levels seen in this place.
 G = Mean time per level.
                   A        B        C        D        E       F      G
               +--------+--------+--------+--------+--------+-----+--------+
         Total |   4750 |   4578 |    172 |    356 |   3191 |   6 |  791.7 |
       Dungeon |   4750 |   4578 |    172 |    356 |   3191 |   6 |  791.7 |
               +--------+--------+--------+--------+--------+-----+--------+

Top non-repeatable levels by time:
     D:3: 934 daAuts
     D:5: 850 daAuts
     D:1: 796 daAuts
     D:6: 771 daAuts
     D:4: 732 daAuts
     D:2: 664 daAuts
